 Dungeon Crawl Stone Soup version 0.27.1-4-g1640c2035a (webtiles) character file.

Game seed: 5035861875203112243

1715 theEndsummarily the Summoner (level 9, 0/130 HPs)
             Began as an Ogre Summoner on Nov 16, 2021.
             Was an Initiate of Ashenzari.
             Succumbed to a killer bee's poison
             ... on level 7 of the Dungeon.
             The game lasted 00:36:15 (8414 turns).

theEndsummarily the Summoner (Ogre Summoner)        Turns: 8414, Time: 00:36:17

Health: 0/130      AC: 24    Str: 12    XL:     9   Next: 4%
Magic:  16/16      EV:  1    Int: 19    God:    Ashenzari [......]
Gold:   407        SH:  0    Dex: 11    Spells: 11/17 levels left

rFire    . . .     SeeInvis .   u - +0 giant spiked club
rCold    . . .     Faith    .   (shield currently unavailable)
rNeg     + + +     Spirit   .   (armour currently unavailable)
rPois    +         Reflect  .   (helmet currently unavailable)
rElec    .         Harm     .   (cloak currently unavailable)
rCorr    .         Rampage  .   (gloves unavailable)
Will     .....     NoTele   +   (boots unavailable)
Stlth    ++........             (no amulet)
HPRegen  0.31/turn              (no ring)
MPRegen  0.15/turn              (no ring)

@: lethally poisoned (0 -> -3), tree-form
A: stationary, stasis, torment immunity, boosted hp, large, unfitting armour,
(tough skin 1), (iridescent scales 1), agile 1, (electricity resistance), weak 1
a: Renounce Religion, Curse Item, Shatter the Chains


You were on level 7 of the Dungeon.
You worshipped Ashenzari.
Ashenzari was noncommittal.
You were a tree.
You visited 1 branch of the dungeon, and saw 7 of its levels.

You collected 407 gold pieces.

Inventory:

Hand Weapons
 h - a +0 quarterstaff
 q - a +4 great sword
 t - a +0 whip of freezing
 u - a +0 giant spiked club (weapon)
Missiles
 f - 34 poisoned darts
 l - 3 boomerangs
Armour
 a - a +0 robe (melded)
 g - the cursed +0 cloak "Shackled Together" (melded) {Range, Melee}
   (You found it on level 1 of the Dungeon)

   It has a curse which improves the following skills: Ranged Combat: Slings,
   Bows, Crossbows and Throwing.
   Melee Combat: Short Blades, Long Blades, Axes, Maces & Flails, Polearms,
   Staves and Unarmed Combat.
Scrolls
 d - a scroll of vulnerability
 e - 2 scrolls of magic mapping
 i - 2 scrolls of teleportation
 n - 2 scrolls of enchant armour
 p - a scroll of enchant weapon
 s - a scroll of silence
Potions
 j - a potion of brilliance
 o - 2 potions of might
 r - 2 potions of attraction


   Skills:
 + Level 4.9 Fighting
 + Level 3.9 Dodging
 + Level 3.4 Stealth
 + Level 4.9 Spellcasting
 + Level 11.3 Summonings


You had 11 spell levels left.
You knew the following spells:

 Your Spells              Type           Power      Damage    Failure   Level
a - Summon Small Mammal   Summ           100%       N/A       1%          1
b - Call Imp              Summ           47%        N/A       1%          2
c - Call Canine Familiar  Summ           47%        N/A       1%          3

Your spell library contained the following spells:

 Spells                   Type           Power      Damage    Failure   Level
 Summon Guardian Golem    Hex/Summ       26%        N/A       3%          3
 Summon Lightning Spire   Summ/Air       26%        N/A       12%         4
 Ignite Poison            Fire/Tmut/Pois 4%         N/A       36%         3
 Mephitic Cloud           Conj/Pois/Air  4%         N/A       36%         3
 Tukima's Dance           Hex            4%         N/A       36%         3
 Passage of Golubria      Tloc           N/A        N/A       77%         4
 Blade Hands              Tmut           2%         N/A       98%         5
 Bolt of Magma            Conj/Fire/Erth 2%         4d4       98%         5
 Irradiate                Conj/Tmut      2%         3d14      98%         5
 Yara's Violent Unravell  Hex/Tmut       2%         3d3       98%         5
 Dragon Form              Tmut           2%         N/A       100%        7


Dungeon Overview and Level Annotations

Branches:
Dungeon (7/15)             Temple (0/1) D:4

Altars:
Ashenzari
Elyvilon
Fedhas
Nemelex Xobeh
Ru
Trog
Wu Jian
Xom
Zin

Annotations:
D:4 2 transporters, JonathMagnus's ghost, amateur DrCj


Innate Abilities, Weirdness & Mutations

You are a tree.
Your roots penetrate the ground, keeping you stationary.
You cannot be teleported.
You are immune to unholy pain and torment.
Your maximum health is greatly increased.
Your equipment is partially melded.
You are too large for most types of armour.
((You have tough skin. (AC +1)))
((You are partially covered in iridescent scales. (AC +2)))
You are agile. (Dex +2)
((You are resistant to electric shocks. (rElec)))
You are weak. (Str -2)


Message History

The killer bee stings you.
* * * LOW HITPOINT WARNING * * *
The killer bee stings you.
* * * LOW HITPOINT WARNING * * *
You bump into the rock wall.
You feel less invigorated.
You feel less confused.
You feel sick. The killer bee barely misses you. x2
Really quaff the potion of lignification?
You turn into a tree.
The cursed +0 cloak "Shackled Together" {Range, Melee} melds into your body.
Your +0 robe melds into your body.
Your roots penetrate the ground.
You feel sick.
The killer bee stings you but does no damage. x2
You miss the killer bee.
You feel sick.
You are no longer poisoned.
The killer bee stings you.
* * * LOW HITPOINT WARNING * * *
The killer bee stings you but does no damage.
The killer bee stings you.
* * * LOW HITPOINT WARNING * * *
You are lethally poisoned!
The killer bee poisons you!
The killer bee stings you but does no damage.
Okay, then.
As you read the scroll of fear, it crumbles to dust.
You assume a fearsome visage.
The plant is unaffected. x2
The killer bee looks frightened! x2
* * * LOW HITPOINT WARNING * * *
You feel sick.
Unknown command.
Okay, then.
Okay, then.
* * * LOW HITPOINT WARNING * * *
You feel sick.
Okay, then.
Okay, then.
* * * LOW HITPOINT WARNING * * *
You feel sick.
Cornered, the killer bee turns to fight!
You die...

....g ...... ..# ..g..
)....# P.# #### ..o.#
..# ...♣♣♣### #### ♣♣.
P...♣P♣.♣♣♣..♣♣..######
P..P....♣....♣y♣P......
........(P.......#
...............#.#
.#..........5y##♣#
#...##...####y##.#
.............y...#
#...##...##.....##
##.####........$.#
##.###...##......#
##)##.....#......#
...#.......##.##.#
............#.# .#


You could see a killer bee.

Vanquished Creatures
  A shadow (D:5)
  A necrophage (D:5)
  An ogre (D:7)
  A bullfrog (D:6)
  A wight (D:6)
  A bullfrog zombie (D:5)
  A gnoll shaman (D:7)
  An orc wizard (D:4)
  4 adders
  An ufetubus (D:5)
  2 adder skeletons (D:4)
  A worm (D:3)
  A dart slug (D:2)
  6 orcs
  3 endoplasms
  5 hobgoblins
  A jackal (D:3)
  6 kobolds
  A quokka (D:4)
  4 ball pythons
  2 frilled lizards (D:1)
  2 goblins
47 creatures vanquished.

Vanquished Creatures (collateral kills)
  Pikel (D:6)
  A water moccasin (D:5)
  A sky beast (D:4)
  An ogre (D:7)
  A centaur (D:7)
  A necrophage (D:6)
  2 lemures (D:6)
  A bullfrog (D:4)
  3 scorpions
  A wyvern skeleton (D:7)
  2 killer bees (D:7)
  3 wights (D:6)
  2 jellies
  An orc priest (D:6)
  2 centaur skeletons (D:7)
  3 hounds
  A gnoll shaman (D:6)
  3 bullfrog skeletons
  2 iguanas (D:5)
  An orc wizard (D:6)
  A killer bee zombie (D:6)
  A howler monkey skeleton (D:6)
  7 gnolls
  3 adders
  2 white imps
  An adder skeleton (D:4)
  A worm (D:3)
  An orc (D:6)
  2 endoplasms (D:1)
  3 goblins
  2 hobgoblins
  2 jackals (D:3)
  6 kobolds
  4 ball pythons
  2 frilled lizards
71 creatures vanquished.

Vanquished Creatures (others)
  23 plants (D:7)
23 creatures vanquished.

Grand Total: 141 creatures vanquished

Notes
Turn   | Place    | Note
-------+----------+-------------------------------------------
     0 | D:1      | theEndsummarily the Ogre Summoner began the quest for the
                  | Orb.
     0 | D:1      | Reached XP level 1. HP: 16/16 MP: 3/3
   738 | D:1      | Reached XP level 2. HP: 22/26 MP: 3/5
  1692 | D:2      | Reached skill level 1 in Fighting
  2028 | D:2      | Found a faded altar of an unknown god.
  2162 | D:2      | Became a worshipper of Ashenzari the Shackled
  2164 | D:2      | Gained mutation: You are partially covered in iridescent
                  | scales. (AC +2) [potion of mutation]
  2164 | D:2      | Gained mutation: You are resistant to electric shocks.
                  | (rElec) [potion of mutation]
  2164 | D:2      | Gained mutation: You are weak. (Str -2) [potion of
                  | mutation]
  2164 | D:2      | Gained mutation: You are agile. (Dex +2) [potion of
                  | mutation]
  2320 | D:2      | Reached XP level 3. HP: 16/33 MP: 5/7
  3074 | D:3      | Reached XP level 4. HP: 21/42 MP: 5/8
  3567 | D:4      | Found a staircase to the Ecumenical Temple.
  3605 | D:4      | Noticed a scorpion
  3682 | D:4      | Noticed an ogre
  3697 | D:4      | Reached skill level 4 in Summonings
  4287 | D:4      | Reached skill level 11 in Summonings
  4287 | D:4      | Reached XP level 5. HP: 50/50 MP: 9/9
  4291 | D:4      | Learned a level 2 spell: Call Imp
  4295 | D:4      | Learned a level 3 spell: Call Canine Familiar
  4311 | D:4      | Reached XP level 6. HP: 58/58 MP: 2/10
  4414 | D:4      | Found a transporter.
  4417 | D:4      | Found a transporter.
  4417 | D:4      | Noticed JonathMagnus's ghost (amateur DrCj)
  4457 | D:4      | Found a white marble altar of Elyvilon.
  4868 | D:4      | Noticed a sky beast
  4879 | D:4      | Killed a sky beast
  4984 | D:4      | Found an ornate altar of the Wu Jian Council.
  5208 | D:5      | Entered Level 5 of the Dungeon
  5460 | D:5      | Found a sacrificial altar of Ru.
  5737 | D:5      | Noticed a necrophage
  5745 | D:5      | Killed a necrophage
  5746 | D:5      | Reached XP level 7. HP: 61/65 MP: 7/12
  6345 | D:5      | Noticed a shadow
  6417 | D:5      | Killed a shadow
  6854 | D:6      | Reached XP level 8. HP: 65/78 MP: 8/14
  6976 | D:6      | Found a broken altar of Ashenzari.
  6976 | D:6      | Noticed Pikel
  7130 | D:6      | Found a blossoming altar of Fedhas.
  7450 | D:6      | Killed Pikel
  7765 | D:6      | Found a shimmering altar of Xom.
  7765 | D:6      | Found a sparkling altar of Nemelex Xobeh.
  7766 | D:6      | Found a bloodstained altar of Trog.
  7836 | D:7      | Found a glowing silver altar of Zin.
  8196 | D:7      | Reached XP level 9. HP: 47/87 MP: 16/16
  8410 | D:7      | HP: 4/130 [killer bee (4)]
  8413 | D:7      | HP: 1/130 [poisoned by a killer bee]
  8414 | D:7      | Succumbed to a killer bee's poison

Illustrated notes

Levels and vault maps discovered:
D:1:      scummos_arrival_simple_fountains, layout_basic
D:2:      layout_loops_ring, ebering_ecumenical_altar_rust,
          minmay_shallow_snake_nest
D:3:      layout_basic, nrook_campfire
D:4:      layout_layer_cave, lemuel_tele_altar,
          mainiacjoe_overflow_six_doors_small, minmay_temple_entry_large_hall,
          gammafunk_ghost_smash
D:5:      minmay_chambers_of_fours, layout_loops_corners,
          mainiacjoe_overflow_brackets
D:6:      layout_basic, nicolae_ashenzari_panopticon,
          gammafunk_temple_overflow_claw, lemuel_round_altar, uniq_pikel
D:7:      kennysheep_housing_project, layout_loops_ring, okawaru_humans,
          amcnicky_altar_gilded

Skill      XL: |  1  2  3  4  5  6  7  8 |
---------------+-------------------------+-----
Dodging        | 2 3 |  3.9
Fighting       | 1 2 3 4 |  4.9
Spellcasting   | 3 4 |  4.9
Stealth        | 2 3 |  3.4
Summonings     | 11 | 11.3

Action                   |  1- 3 |  4- 6 |  7- 9 || total
-------------------------+-------+-------+-------++-------
Melee: Unarmed           |    26 |       |       ||    26
       Club              |    23 |       |       ||    23
       Quarterstaff      |    53 |    77 |    89 ||   219
       Giant spiked club |       |       |    16 ||    16
Throw: Dart              |       |     2 |       ||     2
       Boomerang         |       |       |     1 ||     1
 Cast: Summon Small Mamm |    39 |    13 |       ||    52
       Call Canine Famil |       |     7 |    16 ||    23
       Call Imp          |       |     4 |    24 ||    28
Invok: Curse Item        |     1 |       |       ||     1
  Use: Scroll            |     1 |       |     2 ||     3
       Potion            |     1 |     3 |     4 ||     8
 Stab: Sleeping          |     3 |     1 |     2 ||     6
       Distracted        |       |       |     2 ||     2
Armor: Robe              |    32 |    29 |    37 ||    98
       Skin              |       |       |     4 ||     4
Dodge: Dodged            |    50 |    40 |    74 ||   164
